 Dungeon Crawl Stone Soup version 0.30-a0-913-g9934a0ce24 (webtiles) character file.

Game seed: 5742091223939803870

902 Demosthentine the Ducker (level 7, -10/82 HPs)
             Began as a Demonspawn Gladiator on Mar 19, 2023.
             Mangled by a two-headed ogre
             ... wielding a +0 giant spiked club
              (14 damage)
             ... on level 5 of the Dungeon.
             The game lasted 00:05:00 (4400 turns).

Demosthentine the Ducker (Demonspawn Gladiator)     Turns: 4400, Time: 00:05:02

Health: -10/82     AC:  5    Str: 17    XL:     7   Next: 80%
Magic:  7/7        EV: 13    Int:  9    God:
Gold:   325        SH:  0    Dex: 14    Spells: 6/6 levels left

rFire   . . .      SeeInvis .    a - +1 trident
rCold   . . .      Faith    .    (no shield)
rNeg    + . .      Spirit   .    b - +0 leather armour
rPois   .          Reflect  .    (helmet restricted)
rElec   .          Rampage  .    d - +0 cloak
rCorr   .                        (no gloves)
Will    .....                    h - +0 pair of boots Stlth
                                 (no amulet)
HPRegen 0.33/turn                n - ring of positive energy
MPRegen 0.10/turn                (no ring)

@: mighty, berserking, very quick
A: horns 2, demonic guardian 1, spiny 2
a: no special abilities


You were on level 5 of the Dungeon.
You visited 1 branch of the dungeon, and saw 5 of its levels.

You collected 325 gold pieces.

Inventory:

Hand Weapons
 a - a +1 trident (weapon)
Armour
 b - a +0 leather armour (worn)
 d - a +0 cloak (worn)
 h - a +0 pair of boots (worn)
Jewellery
 n - a ring of positive energy (left hand)
Wands
 i - a wand of flame (32)
Scrolls
 c - a scroll of blinking
 g - a scroll of identify
 q - a scroll of magic mapping
 t - a scroll of teleportation
Potions
 f - a potion of might
 j - 2 potions of lignification
 k - 2 potions of brilliance
 l - a potion of ambrosia
 m - 3 potions of curing
 o - 2 potions of resistance
 p - a potion of mutation


   Skills:
 + Level 4.8 Fighting
 + Level 4.8 Polearms
 - Level 1.7 Throwing
 + Level 3.8 Armour
 + Level 4.9 Dodging


You had 6 spell levels left.
You didn't know any spells.
Your spell library contained the following spells:

 Spells                   Type           Power      Damage    Failure   Level
 Freeze                   Ice            0%         1d3       43%         1
 Magic Dart               Conj           0%         1d3       43%         1
 Call Imp                 Summ           0%         N/A       58%         2
 Ensorcelled Hibernation  Hex/Ice        0%         N/A       58%         2
 Frozen Ramparts          Ice            0%         1d1       82%         3
 Hailstorm                Conj/Ice       0%         3d3       82%         3
 Mephitic Cloud           Conj/Pois/Air  0%         N/A       82%         3
 Spider Form              Tmut/Pois      0%         N/A       82%         3
 Anguish                  Hex/Necr       0%         N/A       99%         4


Dungeon Overview and Level Annotations

Branches:
Dungeon (5/15)
 Temple: D:4-7

Altars:
Ashenzari

Shops:
D:3 =   D:5 [

Annotations:
D:5 BigDaddyOpFi's ghost, amateur AtFi


Innate Abilities, Weirdness & Mutations

You have a pair of horns on your head.
A weak demonic guardian rushes to your aid.
You are mostly covered in sharp spines.


Message History

The two-headed ogre shouts in stereo!
BigDaddyOpFi's ghost turns its malevolent gaze towards you.
You see here a +0 spear.
Could not explore, unopened runed door.
Could not explore, unopened runed door.
Could not explore, unopened runed door.
Failed to move towards target.
Could not explore, unopened runed door.
Okay, then.
Okay, then.
You open the door.
The two-headed ogre attacks as you move away!
The two-headed ogre is struck by your spines.
The two-headed ogre barely misses you.
The two-headed ogre hits you with a +0 giant club.
The two-headed ogre attacks as you move away!
The two-headed ogre is struck by your spines.
The two-headed ogre hits you with a +0 giant spiked club!!
Ouch! That really hurt!
The two-headed ogre completely misses you.
BigDaddyOpFi's ghost says, "I am invincible!"
You see here a +0 spear.
You feel very mighty all of a sudden.
A red film seems to cover your vision as you go berserk!
You feel yourself moving faster!
You feel mighty!
The two-headed ogre is struck by your spines.
The two-headed ogre hits you with a +0 giant spiked club!!
* * * LOW HITPOINT WARNING * * *
A demonic guardian appears!
The two-headed ogre hits you with a +0 giant club!
* * * LOW HITPOINT WARNING * * *
BigDaddyOpFi's ghost completely misses your quasit.
You puncture the two-headed ogre! You headbutt the two-headed ogre!!
The two-headed ogre is severely wounded.
BigDaddyOpFi's ghost hits your quasit.
The two-headed ogre is struck by your spines.
The two-headed ogre hits you with a +0 giant spiked club.
* * * LOW HITPOINT WARNING * * *
The two-headed ogre hits you with a +0 giant club!
You die...

####.#..<.....####
#.#...........#
#.#8...∩...8#.#
#.##........###
#........>..#
#######.....##§§§#
#8....##§§§#
####...##W##
###@#O..# #O#...#
#5W..## ######


You could see a two-headed ogre, BigDaddyOpFi's ghost (ally target) and a
friendly quasit (summoned).

Vanquished Creatures
  Sigmund (D:3)
  A black bear (D:4)
  A gnoll sergeant (D:5)
  3 scorpions (D:5)
  A jelly (D:5)
  Terence (D:3)
  Ijyb (D:3)
  2 iguanas (D:4)
  Natasha (thrice) (D:3)
  4 gnolls (D:5)
  7 adders
  5 dart slugs
  6 orcs
  4 endoplasms
  4 giant cockroaches
  9 goblins
  5 hobgoblins
  7 jackals
  6 kobolds
  4 quokkas
  7 ball pythons
  6 bats
  A frilled lizard (D:2)
  4 rats
93 creatures vanquished.

Vanquished Creatures (collateral kills)
  A hobgoblin (D:4)
1 creature vanquished.

Grand Total: 94 creatures vanquished

Notes
Turn   | Place    | Note
-------+----------+-------------------------------------------
     0 | D:1      | Demosthentine the Demonspawn Gladiator began the quest for
                  | the Orb.
     0 | D:1      | Reached XP level 1. HP: 16/16 MP: 1/1
   324 | D:1      | Gained mutation: A weak demonic guardian rushes to your
                  | aid. [demonic ancestry]
   324 | D:1      | Reached XP level 2. HP: 22/22 MP: 2/2
   654 | D:1      | Reached skill level 1 in Armour
   762 | D:1      | Found a faded altar of an unknown god.
   925 | D:2      | Gained mutation: You are partially covered in sharp spines.
                  | [demonic ancestry]
   925 | D:2      | Reached XP level 3. HP: 28/28 MP: 3/3
  1816 | D:3      | Gained mutation: You have a pair of small horns on your
                  | head. [demonic ancestry]
  1816 | D:3      | Reached XP level 4. HP: 34/34 MP: 4/4
  1979 | D:3      | Noticed Ijyb
  1990 | D:3      | Killed Ijyb
  2014 | D:3      | Noticed Natasha
  2024 | D:3      | Killed Natasha
  2128 | D:3      | Noticed Terence
  2141 | D:3      | Killed Terence
  2142 | D:3      | Gained mutation: You have a pair of horns on your head.
                  | [demonic ancestry]
  2142 | D:3      | Reached XP level 5. HP: 14/41 MP: 5/5
  2375 | D:3      | Noticed Natasha
  2383 | D:3      | Killed Natasha
  2666 | D:3      | Found Pavust's Jewellery Boutique.
  2704 | D:3      | Noticed Sigmund
  2715 | D:3      | Killed Sigmund
  2716 | D:3      | Gained mutation: You are mostly covered in sharp spines.
                  | [demonic ancestry]
  2716 | D:3      | Reached XP level 6. HP: 40/48 MP: 6/6
  2967 | D:3      | Noticed Natasha
  2969 | D:3      | Killed Natasha
  3104 | D:4      | Identified the +1 leather armour of Toydic {rN+ Will++
                  | Str-2 Int+4}
  3235 | D:4      | Reached XP level 7. HP: 47/54 MP: 7/7
  3597 | D:5      | Entered Level 5 of the Dungeon
  3617 | D:5      | Found a broken altar of Ashenzari.
  3768 | D:5      | Found Sigg's Antique Armour Emporium.
  3796 | D:5      | Found a runed translucent door.
  3796 | D:5      | Noticed BigDaddyOpFi's ghost (amateur AtFi)
  3796 | D:5      | Noticed a two-headed ogre
  3932 | D:5      | HP: 1/55 [gnoll sergeant/+3 heavy spear (5)]
  4400 | D:5      | HP: 4/82 [two-headed ogre/+0 giant spiked club (2)]
  4400 | D:5      | Mangled by a two-headed ogre

Illustrated notes

Levels and vault maps discovered:
D:1:      dpeg_arrival_rooms_a, layout_basic, ebering_ecumenical_altar_rust
D:2:      layout_basic, grunt_decor_fettered, minmay_misc_feat_plants
D:3:      layout_loops_corners, serial_shops,
          nicolae_shop_temple_entry_statues_fountains, st_stairs_14,
          nrook_loot_triangle, uniq_ijyb, uniq_sigmund, uniq_natasha,
          uniq_terence
D:4:      layout_cave_pools, amcnicky_mini_pool_small
D:5:      layout_basic, nicolae_ru_great_annihilating_truth, old_standard_altar,
          serial_shops, nicolae_stop_n_shop_1, ebering_ghost_inner_flame,
          minmay_stone_trees_small

Skill      XL: |  1  2  3  4  5  6 |
---------------+-------------------+-----
Armour         | 1 2 3 |  3.8
Polearms       | 3 4 |  4.8
Dodging        | 3 4 |  4.9
Fighting       | 3 4 |  4.8
Throwing       | |  1.7

Action                     |  1- 3 |  4- 6 |  7- 9 || total
---------------------------+-------+-------+-------++-------
  Melee: Trident           |   139 |    78 |    70 ||   287
         Punch             |     1 |       |       ||     1
         Headbutt          |       |    11 |     7 ||    18
  Throw: Throwing net      |       |     3 |       ||     3
    Use: Scroll            |    11 |     3 |     4 ||    18
         Potion            |       |       |     2 ||     2
   Stab: Sleeping          |     2 |       |     1 ||     3
         Held in net/web   |       |     1 |       ||     1
 Armour: Leather armour    |    43 |     7 |     5 ||    55
  Dodge: Dodged            |    91 |    24 |    30 ||   145

Table legend: (Time is in decaauts)
 A = Elapsed time spent in this place.
 B = Non-inter-level travel time spent in this place.
 C = Inter-level travel time spent in this place.
 D = Time resting spent in this place.
 E = Time spent auto-exploring this place.
 F = Levels seen in this place.
 G = Mean time per level.
                   A        B        C        D        E       F      G
               +--------+--------+--------+--------+--------+-----+--------+
         Total |   4435 |   4189 |    246 |     45 |   3415 |   5 |  887.0 |
       Dungeon |   4435 |   4189 |    246 |     45 |   3415 |   5 |  887.0 |
               +--------+--------+--------+--------+--------+-----+--------+

Top non-repeatable levels by time:
     D:3: 1215 daAuts
     D:2: 962 daAuts
     D:1: 866 daAuts
     D:4: 864 daAuts
     D:5: 525 daAuts
